 Dungeon Crawl Stone Soup version 0.26.1-2-gb8aa6d0cf2 (webtiles) character file.

Game seed: 1161166467353740310

506 nightchill the Poker (level 7, -11/53 HPs)
             Began as a Merfolk Ice Elementalist on Mar 15, 2021.
             Mangled by a two-headed ogre
             ... wielding a +0 giant club
              (17 damage)
             ... on level 4 of the Dungeon.
             The game lasted 00:09:49 (4843 turns).

nightchill the Poker (Merfolk Ice Elementalist)     Turns: 4843, Time: 00:09:50

Health: -11/53     AC: 10    Str: 10    XL:     7   Next: 18%
Magic:  5/10       EV: 13    Int: 21    God:
Gold:   234        SH:  0    Dex: 14    Spells: 3/10 levels left

rFire    . . .     SeeInvis .   j - +0 halberd
rCold    . . .     Faith    .   (shield currently unavailable)
rNeg     . . .     Spirit   .   a - +1 robe
rPois    .         Reflect  .   (no helmet)
rElec    .         Harm     .   (no cloak)
rCorr    .         Rampage  .   (no gloves)
Will     .....                  (no boots)
Stlth    ++........             (no amulet)
HPRegen  0.17/turn              o - +6 ring of intelligence
MPRegen  0.12/turn              (no ring)

@: icy armour, frozen ramparts
A: change form in water, swift swim, stealthy swim
a: no special abilities


You were on level 4 of the Dungeon.
You visited 1 branch of the dungeon, and saw 4 of its levels.

You collected 234 gold pieces.

Inventory:

Hand Weapons
 c - a +0 dagger
 f - a +0 spear
 j - a +0 halberd (weapon)
Missiles
 h - 7 atropa-tipped darts
Armour
 a - a +1 robe (worn)
Jewellery
 o - a +6 ring of intelligence (left hand)
Scrolls
 b - 3 scrolls of teleportation
 d - a scroll of noise {unknown}
 e - a scroll of fear
 g - a scroll of enchant armour
 i - 2 scrolls of identify
 l - 3 scrolls of fog {unknown}
Potions
 k - a potion of curing
 m - a potion of flight {unknown}
 n - a potion of attraction {unknown}


   Skills:
 + Level 3.7 Fighting
 * Level 6.5 Polearms
 - Level 2.6 Dodging
 - Level 2.1 Stealth
 - Level 2.3 Spellcasting
 + Level 6.2 Ice Magic


You had 3 spell levels left.
You knew the following spells:

 Your Spells              Type           Power        Failure   Level
a - Freeze                Ice            100%         1%          1
b - Frozen Ramparts       Ice            56%          3%          3
c - Ozocubu's Armour      Ice            28%          3%          3

Your spell library contained the following spells:

 Spells                   Type           Power        Failure   Level
 Hailstorm                Conj/Ice       15%          36%         4
 Summon Ice Beast         Ice/Summ       15%          36%         4


Dungeon Overview and Level Annotations

Branches:
Dungeon (4/15)
 Temple: D:4-7

Altars:
Elyvilon
Hepliaklqana
Qazlal
Zin
The Shining One

Annotations:
D:4 1 exclusion


Message History

You are too injured to fight recklessly!
You are too injured to fight recklessly!
You are too injured to fight recklessly!
You hit the two-headed ogre.
The two-headed ogre is heavily wounded.
The wall freezes the two-headed ogre.
The two-headed ogre hits you with a +0 giant club!
* * * LOW HITPOINT WARNING * * *
The two-headed ogre hits you with a +0 dire flail.
* * * LOW HITPOINT WARNING * * *
You hit the two-headed ogre but do no damage.
The two-headed ogre is heavily wounded.
The wall freezes the two-headed ogre.
The two-headed ogre misses you.
The two-headed ogre hits you with a +0 dire flail!
* * * LOW HITPOINT WARNING * * *
You puncture the two-headed ogre!
The two-headed ogre is severely wounded.
The wall freezes the two-headed ogre.
The two-headed ogre hits you with a +0 giant club!
You die...

#.# #.#.......#.# # #.#
#.##.....##.# # #.# #
.##...###.. .
#.####.###.## .... .
#..)..#.... #####
####.#.#### #####.#.######
########...).........
######)).......O@.#.#####.
..(....#####...####.#
######..............# #
#.#####....##### # #O#
##.#.##### # #.# #........
# #.# ###.##### # #.# ...
# #.# .###


You could see a two-headed ogre.

Vanquished Creatures
  A black bear (D:4)
  A phantom (D:4)
  A scorpion (D:3)
  An orc priest (D:4)
  A hound (D:3)
  7 gnolls
  8 adders
  An ooze (D:3)
  A worm (D:2)
  4 dart slugs
  3 leopard geckos
  4 orcs
  A giant cockroach (D:2)
  6 hobgoblins
  4 jackals
  A quokka (D:2)
  A ball python (D:2)
  5 bats
  3 frilled lizards
  2 goblins
  7 kobolds
  6 rats
69 creatures vanquished.

Vanquished Creatures (others)
  A fungus (D:2)
  4 toadstools (D:2)
5 creatures vanquished.

Grand Total: 74 creatures vanquished

Notes
Turn   | Place    | Note
-------+----------+-------------------------------------------
     0 | D:1      | nightchill the Merfolk Ice Elementalist began the quest for
                  | the Orb.
     0 | D:1      | Reached XP level 1. HP: 13/13 MP: 3/3
   128 | D:1      | You fall into a shaft and drop 1 floor!
   138 | D:2      | Reached XP level 2. HP: 5/20 MP: 0/5
   531 | D:2      | Found a white marble altar of Elyvilon.
   546 | D:2      | Reached skill level 1 in Fighting
   703 | D:2      | Reached XP level 3. HP: 26/26 MP: 3/6
   731 | D:2      | Reached skill level 5 in Ice Magic
   786 | D:2      | Learned a level 3 spell: Frozen Ramparts
  1315 | D:2      | Reached skill level 1 in Polearms
  1347 | D:2      | Found a glowing silver altar of Zin.
  1491 | D:2      | Found a glowing golden altar of the Shining One.
  2032 | D:2      | Reached XP level 4. HP: 33/33 MP: 3/7
  2746 | D:3      | Reached XP level 5. HP: 16/38 MP: 4/8
  3563 | D:3      | Reached XP level 6. HP: 22/46 MP: 5/9
  4060 | D:4      | Found a hazy altar of Hepliaklqana.
  4110 | D:4      | Reached skill level 5 in Polearms
  4331 | D:4      | Noticed a phantom
  4332 | D:4      | Found a stormy altar of Qazlal.
  4365 | D:4      | Noticed a black bear
  4392 | D:4      | Killed a black bear
  4583 | D:4      | Learned a level 3 spell: Ozocubu's Armour
  4748 | D:4      | Killed a phantom
  4749 | D:4      | Reached XP level 7. HP: 24/53 MP: 10/10
  4777 | D:4      | Noticed a two-headed ogre
  4843 | D:4      | Mangled by a two-headed ogre

Illustrated notes

Levels and vault maps discovered:
D:1:      minmay_arrival_diagonal_passages, layout_basic, st_stairs_12
D:2:      layout_basic, nicolae_tso_swordbearing_angel, lemuel_crystal_altar,
          zin_statuary, minmay_gold_behind_fungi
D:3:      layout_basic, kennysheep_potato
D:4:      black_bear_nest_1, layout_loops_ring, lemuel_round_altar,
          nicolae_qazlal_style_of_elements

Skill      XL: |  1  2  3  4  5  6 |
---------------+-------------------+-----
Fighting       | 1 2 3 |  3.7
Ice Magic      | 5 6 |  6.2
Polearms       | 1 3 4 6 |  6.5
Dodging        | |  2.6
Stealth        | |  2.1
Spellcasting   | |  2.3

Action                   |  1- 3 |  4- 6 |  7- 9 || total
-------------------------+-------+-------+-------++-------
Melee: Unarmed           |     3 |       |       ||     3
       Spear             |    39 |    54 |       ||    93
       Dagger            |     2 |       |       ||     2
       Halberd           |       |    48 |     5 ||    53
 Cast: Freeze            |    27 |     1 |       ||    28
       Frozen Ramparts   |     6 |    22 |     1 ||    29
       Ozocubu's Armour  |       |     1 |     1 ||     2
  Use: Potion            |     2 |       |       ||     2
       Scroll            |       |     7 |       ||     7
 Stab: Sleeping          |     2 |     1 |       ||     3
       Distracted        |       |     1 |       ||     1
Armor: Robe              |    10 |    19 |       ||    29
Dodge: Dodged            |    34 |    50 |     1 ||    85
